 Dungeon Crawl Stone Soup version 0.31.0-9-g3a7656b989 (webtiles) character file.

Game seed: 17940039622230783003

391 qw the Shooter (level 6, -6/30 HPs)
             Began as a Spriggan Hunter on Feb 2, 2024.
             Mangled by Edmund
             ... wielding a +0 flail of protection
              (9 damage)
             ... on level 4 of the Dungeon.
             The game lasted 00:00:09 (1921 turns).

qw the Shooter (Spriggan Hunter)                    Turns: 1921, Time: 00:00:10

Health: -6/30      AC:  7    Str:  7    XL:     6   Next: 50%
Magic:  7/7        EV: 21    Int: 11    God:
Gold:   112        SH:  0    Dex: 20    Spells: 5/5 levels left

rFire   . . .        a - +1 shortbow
rCold   . . .        (shield currently unavailable)
rNeg    . . .        c - +0 robe
rPois   .            (helmet restricted)
rElec   .            k - +0 cloak
rCorr   .            (gloves unavailable)
SInv    +            (boots unavailable)
Will    ++...        (no amulet)
Stlth   ++           g - ring of willpower
HPRegen 0.25/turn    n - +4 ring of protection
MPRegen 0.10/turn

%: no passive effects
@: very quick
A: very small, no large weapons, unfitting armour, see invisible, speed 3
a: no special abilities


You were on level 4 of the Dungeon.
You visited 1 branch of the dungeon, and saw 4 of its levels.

You collected 112 gold pieces.


Innate Abilities, Weirdness & Mutations

You are very small and have problems with some larger weapons.
You are too small for most types of armour.
You have supernaturally acute eyesight. (SInv)
You cover ground extremely quickly. (Speed+++)


   Skills:
 - Level 2.0 Fighting
 + Level 6.4 Ranged Weapons
 - Level 6.0 Dodging
 - Level 1.5 Stealth


You had 5 spell levels left.
You didn't know any spells.
Your spell library was empty.

Inventory:

Hand Weapons
 a - a +1 shortbow (weapon)
Armour
 c - a +0 robe (worn)
 k - a +0 cloak (worn)
Jewellery
 g - a ring of willpower (left hand)
 n - a +4 ring of protection (right hand)
Potions
 b - a potion of curing {unknown}
 d - a potion of might
 e - a potion of enlightenment
 f - a potion of berserk rage {unknown}
 h - a potion of brilliance {unknown}
 i - a potion of invisibility {unknown}
 j - a potion of mutation {unknown}
 l - a potion of heal wounds {unknown}

Dungeon Overview and Level Annotations

Branches:
Dungeon (4/15)
 Temple: D:4-7

Altars:
Fedhas
Trog

Shops:
D:1 ?

Annotations:
D:4 Edmund


Message History

Edmund hits you with a +0 flail of protection.
You shoot an arrow. The arrow hits Edmund!
Edmund is heavily wounded.
Edmund hits you with a +0 flail of protection!
You shoot an arrow. The arrow hits Edmund.
Edmund is severely wounded.
Edmund hits you but does no damage.
Edmund hits you with a +0 flail of protection.
You shoot an arrow. The arrow closely misses Edmund.
The arrow barely misses the kobold.
Edmund barely misses you.
You shoot an arrow.
The arrow hits Edmund but does no damage.
Edmund is severely wounded.
Edmund hits you with a +0 flail of protection!
You shoot an arrow. The arrow hits Edmund.
Edmund is severely wounded.
Edmund barely misses you.
You shoot an arrow.
The arrow hits Edmund but does no damage.
Edmund is severely wounded.
Edmund barely misses you.
You shoot an arrow. The arrow completely misses Edmund.
The arrow closely misses the kobold.
Edmund closely misses you.
You shoot an arrow. The arrow hits Edmund.
Edmund is severely wounded.
Edmund closely misses you.
You shoot an arrow.
The arrow hits Edmund but does no damage.
Edmund is severely wounded.
Edmund barely misses you.
You shoot an arrow. The arrow hits Edmund.
Edmund is almost dead.
Edmund barely misses you.
You shoot an arrow. The arrow barely misses Edmund.
The arrow hits the kobold!
You kill the kobold!
Edmund hits you with a +0 flail of protection!
You die...
Edmund says, "That'll show my brother!"

...##......##...#.......#
................# ......#
......[.........##....
......................
...##..##..##...##.... ##
#####..##...# .
#........# ####+
#........##......
##........@@).....
#.........##......
####......## .....
#........# ....
#........# ... #........#
.. #........# .
##########


You could see Edmund.

Vanquished Creatures
  Sigmund (D:3)
  A bombardier beetle (D:4)
  Jessica (D:2)
  An iguana (D:4)
  An orc wizard (D:3)
  Robin (D:2)
  4 adders
  2 ribbon worms
  2 orcs (D:3)
  6 endoplasms
  3 giant cockroaches
  11 goblins
  8 hobgoblins
  10 jackals
  7 kobolds
  A quokka (D:3)
  4 ball pythons
  2 bats (D:1)
  4 frilled lizards
  3 rats
73 creatures vanquished.

Notes
Turn   | Place    | Note
-------+----------+-------------------------------------------
     0 | D:1      | qw the Spriggan Hunter began the quest for the Orb.
     0 | D:1      | Reached XP level 1. HP: 10/10 MP: 2/2
     0 | D:1      | 0 ||| qw: Version: 0.3-a-155-g5e7d8dd
     0 | D:1      | 0 ||| qw: Game counter: 962
     0 | D:1      | 0 ||| qw: Melee chars always use a shield: true
     0 | D:1      | 0 ||| qw: God list: Okawaru
     0 | D:1      | 0 ||| qw: Allow faded altars: false
     0 | D:1      | 0 ||| qw: Do Orc after clearing Dungeon:15 true
     0 | D:1      | 0 ||| qw: Do second Lair branch before Depths: true
     0 | D:1      | 0 ||| qw: Lair rune preference: random
     0 | D:1      | 0 ||| qw: Goals: Normal
     0 | D:1      | 0 ||| PLANNING D:1-11
    27 | D:1      | Reached skill level 3 in Dodging
    27 | D:1      | Found Esel's Magic Scroll Shop.
    42 | D:1      | 42 ||| SHOPLISTING scroll of enchant weapon (90 gold, have
                  | 13).
    42 | D:1      | 42 ||| SHOPLISTING scroll of identify (24 gold, have 13).
    99 | D:1      | Reached XP level 2. HP: 6/14 MP: 3/3
   419 | D:1      | 419 ||| READING scroll labelled ESEMILLONU.
   420 | D:1      | 420 ||| READING scroll labelled TIOBIJO UJAPINU.
   420 | D:1      | 420 ||| IDENTIFYING sedimented ruby potion
   421 | D:1      | 421 ||| READING scroll labelled QIORPH LEZ DUNN.
   422 | D:1      | 422 ||| READING scroll labelled TATEUCLIEBA.
   422 | D:1      | 422 ||| ENCHANTING +0 shortbow.
   423 | D:1      | 423 ||| READING scroll labelled ICOPAROEGG.
   424 | D:1      | 424 ||| DRINKING 2 bubbling pink potions.
   425 | D:1      | 425 ||| DROPPING scroll of butterflies.
   521 | D:2      | Noticed Robin
   526 | D:2      | 526 ||| RETREEEEATING.
   527 | D:2      | Killed Robin
   528 | D:2      | Reached XP level 3. HP: 18/18 MP: 4/4
   551 | D:2      | Noticed Jessica
   560 | D:2      | Killed Jessica
   561 | D:2      | Reached XP level 4. HP: 22/22 MP: 5/5
   999 | D:2      | 999 ||| UPGRADING to ring of willpower.
  1026 | D:3      | Found a blossoming altar of Fedhas.
  1121 | D:3      | HP: 3/22 [orc wizard/+0 dagger (4)]
  1216 | D:3      | Found a faded altar of an unknown god.
  1227 | D:3      | Reached XP level 5. HP: 25/25 MP: 6/6
  1654 | D:3      | Noticed Sigmund
  1664 | D:3      | Killed Sigmund
  1665 | D:3      | Reached skill level 6 in Ranged Weapons
  1665 | D:3      | Reached XP level 6. HP: 23/30 MP: 7/7
  1762 | D:3      | 1762 ||| DROPPING scarf of shadows.
  1763 | D:3      | 1763 ||| UPGRADING to +0 cloak.
  1768 | D:3      | 1768 ||| UPGRADING to +4 ring of protection.
  1769 | D:3      | 1769 ||| READING scroll labelled NEKOMAUMOT.
  1799 | D:4      | Found a bloodstained altar of Trog.
  1848 | D:4      | Reached skill level 6 in Dodging
  1893 | D:4      | Noticed Edmund
  1914 | D:4      | HP: 1/30 [Edmund/+0 flail of protection (7)]
  1921 | D:4      | Mangled by Edmund

Levels and vault maps discovered:
D:1:      dpeg_arrival_tiny_a, layout_rooms, serial_shops, shop
D:2:      layout_rooms, minivault_27, uniq_robin, uniq_jessica
D:3:      layout_loops_cross, mainiacjoe_overflow_boulevard,
          ebering_ecumenical_altar_sacrificial, uniq_sigmund
D:4:      layout_gridville, mainiacjoe_overflow_six_doors_small,
          gammafunk_temple_overflow_elements, st_stairs_14, uniq_edmund

Skill      XL: |  1  2  3  4  5  6 |
---------------+-------------------+-----
Dodging        | 3 4 5 6 |  6.0
Ranged Weapons | 5 6 |  6.4
Fighting       | 2 |  2.0
Stealth        | |  1.5

Action                     |  1- 3 |  4- 6 || total
---------------------------+-------+-------++-------
   Fire: Shortbow          |    78 |   145 ||   223
    Use: Scroll            |     5 |     1 ||     6
         Potion            |     1 |       ||     1
 Armour: Robe              |     3 |    16 ||    19
  Dodge: Dodged            |     9 |    41 ||    50

Table legend:
 A = Non-vault XP
 B = Vault XP
 C = Vault XP percentage of total XP
 D = Non-vault monster count
 E = Vault monster count
 F = Vault count percentage of total count
                 A         B        C        D         E       F
            +---------+---------+-------+---------+---------+-------
      Total |     261 |     299 |  53.4 |      59 |      14 |  19.2
            +---------+---------+-------+---------+---------+-------
        D:1 |      30 |       0 |   0.0 |      18 |       0 |   0.0
        D:2 |      40 |      73 |  64.6 |      15 |      13 |  46.4
        D:3 |     110 |     226 |  67.3 |      22 |       1 |   4.3
        D:4 |      81 |       0 |   0.0 |       4 |       0 |   0.0
            +---------+---------+-------+---------+---------+-------
